 Dungeon Crawl Stone Soup version 0.31.0-32-g396128a36d (webtiles) character file.

Game seed: 2373681712098815233

54 monsoonserge the Ruffian (level 3, -1/42 HPs)
             Began as a Gnoll Shapeshifter on Mar 18, 2024.
             Slain by Grinder (3 damage)
             ... on level 3 of the Dungeon.
             The game lasted 00:03:40 (1514 turns).

monsoonserge the Ruffian (Gnoll Shapeshifter)       Turns: 1514, Time: 00:03:41

Health: -1/42      AC: 21    Str: 15    XL:     3   Next: 91%
Magic:  4/4        EV:  2    Int:  9    God:
Gold:   43         SH:  0    Dex: 11    Spells: 4/4 levels left

rFire   . .          .
                       - Unarmed
rCold   . . .        (no shield)
rNeg    . . .        n - melded +0 ring mail
rPois   +            (helmet currently unavailable)
rElec   .            (cloak currently unavailable)
rCorr   .            (gloves currently unavailable)
SInv    .            (boots currently unavailable)
Will    .....        (no amulet)
Stlth   +            (no ring)
HPRegen 0.27/turn    (no ring)
MPRegen 0.09/turn

%: no passive effects
@: tree-form
A: stationary, stasis, torment immunity, boosted hp, (fangs 1), strong nose,
distributed training
a: no special abilities


You were on level 3 of the Dungeon.
You were a tree.
You visited 1 branch of the dungeon, and saw 3 of its levels.

You collected 43 gold pieces.

Inventory:

Armour
 a - a +0 animal skin
 n - a +0 ring mail (melded)
Talismans
 c - a beast talisman
 d - a flux talisman
Scrolls
 e - a scroll of amnesia {unknown}
 f - a scroll of teleportation {unknown}
 h - a scroll of enchant weapon {unknown}
 i - a scroll of silence {unknown}
 j - a scroll of torment {unknown}
 l - a scroll of immolation {unknown}
Potions
 b - a potion of lignification
 g - 2 potions of attraction {unknown}
 k - a potion of curing {unknown}
 m - a potion of resistance {unknown}
 p - a potion of degeneration {unknown}


   Skills:
 + Level 2.7 Fighting
 + Level 1.0 Short Blades
 + Level 1.0 Long Blades
 + Level 1.0 Axes
 + Level 1.0 Maces & Flails
 + Level 1.0 Polearms
 + Level 1.0 Staves
 + Level 1.0 Ranged Weapons
 + Level 1.0 Throwing
 + Level 1.0 Armour
 + Level 4.6 Dodging
 + Level 1.0 Stealth
 + Level 1.0 Shields
 + Level 6.5 Unarmed Combat
 + Level 1.0 Spellcasting
 + Level 0.7 Conjurations
 + Level 0.7 Hexes
 + Level 0.7 Summonings
 + Level 0.7 Necromancy
 + Level 0.7 Translocations
 + Level 0.7 Fire Magic
 + Level 0.7 Ice Magic
 + Level 0.7 Air Magic
 + Level 0.7 Earth Magic
 + Level 0.7 Alchemy
 + Level 1.1 Invocations
 + Level 1.0 Evocations
 + Level 6.5 Shapeshifting


You had 4 spell levels left.
You didn't know any spells.
Your spell library contained the following spells:

 Spells                   Type           Power      Damage    Failure   Level
 Sandblast                Erth           2%         2d4       26%         1
 Slow                     Hex            4%         N/A       26%         1
 Passwall                 Erth           1%         N/A       63%         3
 Stone Arrow              Conj/Erth      2%         3d7       63%         3
 Tukima's Dance           Hex            1%         N/A       63%         3
 Brom's Barrelling Bould  Conj/Erth      1%         2d3       95%         4


Dungeon Overview and Level Annotations

Branches:
Dungeon (3/15)

Altars:

Annotations:
D:2 Sigmund, Terence
D:3 Grinder


Innate Abilities, Weirdness & Mutations

You are a tree.
Your roots penetrate the ground, keeping you stationary.
You cannot be teleported.
You are immune to unholy pain and torment.
Your maximum health is greatly increased.
Your equipment is partially melded.
((You have very sharp teeth.))
Your uncanny sense of smell can sniff out nearby items.
Your experience applies equally to all skills.


Message History

The throwing net closely misses Grinder.
An endoplasm comes into view.
Grinder gestures at you. Pain shoots through your body!
Grinder hits you but does no damage.
You closely miss Grinder.
Grinder is moderately wounded.
Grinder gestures at you.
You suddenly lose the ability to move!
Grinder gestures at you.
You barely resist. The endoplasm hits you. Grinder hits you!
* * * LOW HITPOINT WARNING * * *
You can move again.
Your transformation has ended.
You turn into a tree.
Your +0 ring mail melds into your body.
Your roots penetrate the ground.
The endoplasm freezes you.
You are frozen.
* * * LOW HITPOINT WARNING * * *
Grinder hits you but does no damage.
You closely miss Grinder.
Grinder is moderately wounded.
Grinder hits you but does no damage.
The endoplasm hits you but does no damage.
You hit the endoplasm.
The endoplasm is severely wounded.
Grinder hits you but does no damage. The endoplasm freezes you.
You are frozen.
* * * LOW HITPOINT WARNING * * *
Unknown command.
You hit the endoplasm.
You kill the endoplasm!
Grinder says, "Wait up."
Grinder hits you.
* * * LOW HITPOINT WARNING * * *
You writhe in agony.
You die...
Grinder sighs, "Dead already?
I want a refund."

### ...
#.#########
#...♣5....#
###.#####.#
#...# #.#
#.### #.###
#. #...# #
###.# ∆∆
#.# #.# #.#


You could see Grinder.

Vanquished Creatures
  A gnoll (D:2)
  3 dart slugs
  A ribbon worm (D:2)
  4 orcs
  2 endoplasms
  A giant cockroach (D:2)
  A goblin (D:1)
  3 hobgoblins (D:1)
  2 jackals (D:1)
  5 kobolds (D:1)
  4 bats
  3 frilled lizards (D:1)
  3 rats
33 creatures vanquished.

Notes
Turn   | Place    | Note
-------+----------+-------------------------------------------
     0 | D:1      | monsoonserge the Gnoll Shapeshifter began the quest for the
                  | Orb.
     0 | D:1      | Reached XP level 1. HP: 17/17 MP: 1/1
   124 | D:1      | Reached XP level 2. HP: 16/23 MP: 2/2
   436 | D:1      | Reached XP level 3. HP: 28/28 MP: 3/3
   989 | D:2      | Reached skill level 1 in Invocations
  1025 | D:2      | Noticed Sigmund
  1028 | D:2      | Noticed Terence
  1305 | D:2      | Reached skill level 1 in Short Blades
  1305 | D:2      | Reached skill level 1 in Long Blades
  1305 | D:2      | Reached skill level 1 in Axes
  1305 | D:2      | Reached skill level 1 in Maces & Flails
  1305 | D:2      | Reached skill level 1 in Polearms
  1305 | D:2      | Reached skill level 1 in Staves
  1305 | D:2      | Reached skill level 1 in Ranged Weapons
  1305 | D:2      | Reached skill level 1 in Throwing
  1305 | D:2      | Reached skill level 1 in Armour
  1305 | D:2      | Reached skill level 1 in Stealth
  1305 | D:2      | Reached skill level 1 in Shields
  1305 | D:2      | Reached skill level 1 in Spellcasting
  1305 | D:2      | Reached skill level 1 in Evocations
  1445 | D:3      | Got Peigiel's Parchment of Ill Luck
  1500 | D:3      | Noticed Grinder
  1508 | D:3      | Paralysed by Grinder for 2 turns
  1514 | D:3      | HP: 2/42 [Grinder (1)]
  1514 | D:3      | Slain by Grinder

Illustrated notes

Levels and vault maps discovered:
D:1:      scummos_arrival_simple_fountains, layout_loops_ring
D:2:      layout_basic, basic_altar, uniq_sigmund, uniq_terence,
          uniq_crazy_yiuf_cottage
D:3:      layout_loops_ring, hangedman_decor_points, grunt_ministairs_11,
          amcnicky_mini_pool_small, lexackson_kobold_supper, uniq_grinder

Skill      XL: |  1  2  3 |
---------------+----------+-----
Invocations    | 1 |  1.1
Short Blades   | 1 |  1.0
Long Blades    | 1 |  1.0
Axes           | 1 |  1.0
Maces & Flails | 1 |  1.0
Polearms       | 1 |  1.0
Staves         | 1 |  1.0
Ranged Weapons | 1 |  1.0
Throwing       | 1 |  1.0
Armour         | 1 |  1.0
Stealth        | 1 |  1.0
Shields        | 1 |  1.0
Spellcasting   | 1 |  1.0
Evocations     | 1 |  1.0
Fighting       | |  2.7
Dodging        | |  4.6
Unarmed Combat | |  6.5
Conjurations   | |  0.7
Hexes          | |  0.7
Summonings     | |  0.7
Necromancy     | |  0.7
Translocations | |  0.7
Fire Magic     | |  0.7
Ice Magic      | |  0.7
Air Magic      | |  0.7
Earth Magic    | |  0.7
Alchemy        | |  0.7
Shapeshifting  | |  6.5

Action                     || total
---------------------------++-------
  Melee: Unarmed           ||    74
         Punch             ||     4
         Bite              ||     5
  Throw: Throwing net      ||     1
    Use: Potion            ||     1
 Armour: Animal skin       ||    14
         Ring mail         ||    28
         Skin              ||     5
  Dodge: Dodged            ||    38
